 Dungeon Crawl Stone Soup version 0.15-a0-1403-g2cecdf4 (webtiles) character file.

1750 PolkaDot the Conjurer (level 8, 0/52 HPs)
             Began as a Vampire Conjurer on June 11, 2014.
             Was a Follower of Qazlal.
             Slain by a gnoll
             ... wielding a +0,+0 halberd
              (10 damage)
             ... on Level 6 of the Dungeon.
             The game lasted 00:31:31 (5888 turns).

PolkaDot the Conjurer (Vampire Conjurer)            Turns: 5888, Time: 00:31:31

HP   0/52        AC  7     Str  7      XL: 8   Next: 78%
MP   5/16        EV 12     Int 26      God: Qazlal [*.....]
Gold 224         SH  2     Dex 14      Spells:  4 memorised,  2 levels left

rFire  . . .     SeeInvis +     b - +0,+1 whip (elec)
rCold  + . .     Clarity  .     a - +0 robe
rNeg   . . .     rCorr    .     (no shield)
rPois  +         rRot     .     (no helmet)
rElec  .         Spirit   .     (no cloak)
SustAb +         Warding  .     l - +1 pair of gloves
rMut   .         Stasis   .     h - +0 pair of boots
Gourm  .                        f - amulet of rage
MR     .....                    u - ring of sustain abilities
                                n - +2 ring of protection

@: brilliant, regenerating very quickly, not resistant to hostile enchantments,
unstealthy
A: bottle blood, fangs 3, see invisible, clever 1, cold resistance 1, poison
resistance, unbreathing
a: Bottle Blood, Renounce Religion, Evoke Berserk Rage


You were on level 6 of the Dungeon.
You worshipped Qazlal.
Qazlal was aware of your devotion.
You were almost alive.

You visited 2 branches of the dungeon, and saw 7 of its levels.

You collected 224 gold pieces.

Inventory:

Hand weapons
 b - a +0,+1 whip of electrocution (weapon)
Armour
 a - a +0 robe (worn)
 h - a +0 pair of boots (worn)
 l - a +1 pair of gloves (worn)
 s - the +0 robe of Hedge Wizardry {Str+1 Dex+3, unknown}
   (You found it on level 5 of the Dungeon)

   It affects your strength (+1).
   It affects your dexterity (+3).
Magical devices
 o - a wand of heal wounds (0)
Scrolls
 d - 3 scrolls of amnesia
 p - 2 scrolls of remove curse
 v - a scroll of noise {unknown}
 w - a scroll of fog
Jewellery
 f - an amulet of rage (around neck)
 n - a +2 ring of protection (left hand)
 u - a ring of sustain abilities (right hand)
Potions
 e - a potion of heal wounds {unknown}
 i - a potion of restore abilities
 m - a potion of haste {unknown}
 q - 8 potions of blood {@w2}
 r - 2 potions of berserk rage {unknown}
 t - a potion of might
Books
 c - a book of Conjurations

   Spells                             Type                      Level
   *Magic Dart                        Conjuration                  1
   *Searing Ray                       Conjuration                  2
   Dazzling Spray                     Conjuration/Hexes            3
   *Fulminant Prism                   Conjuration/Hexes            4
   *Iskenderun's Mystic Blast         Conjuration                  4
   Iskenderun's Battlesphere          Conjuration/Charms           5


   Skills:
 - Level 2.1 Dodging
 - Level 3.0 Stealth
 - Level 3.0 Spellcasting
 * Level 8.5 Conjurations
 + Level 5.5 Hexes


You had 2 spell levels left.
You knew the following spells:

 Your Spells              Type           Power        Failure   Level  Hunger
a - Magic Dart            Conj           ####         1%          1    None
d - Iskenderun's Mystic   Conj           ######..     1%          4    ####...
f - Fulminant Prism       Conj/Hex       ######....   1%          4    ####...
s - Searing Ray           Conj           ######       1%          2    #......


Dungeon Overview and Level Annotations

Branches:
Dungeon (6/15)             Temple (1/1) D:5

Altars:
Dithmenos
Elyvilon
Fedhas
Gozag
Kikubaaqudgha
Makhleb
Okawaru
Qazlal
Trog
Vehumet
Xom
Yredelemnul
The Shining One

Shops:
D:4 =


Innate Abilities, Weirdness & Mutations

Your natural rate of healing is extremely fast.
You can bottle blood from corpses.
You have razor-sharp teeth.*
You have supernaturally acute eyesight.
You can survive without breathing.*
Your mind is acute. (Int +2)
Your flesh is cold resistant.*
Your system is resistant to poisons.*


Message History

Confirm with . or Enter, or press ? or * to list all spells.
Aiming: Fulminant Prism
Press: ? - help, Dir - move target cursor You conjure a prism of explosive energy!
* * * LOW MAGIC WARNING * * *
Your fulminant prism crackles loudly.
Your fulminant prism explodes!
The blast of energy engulfs the ogre.
You kill the ogre!
Qazlal accepts your kill.
The blast of energy engulfs the gnoll.
You kill the gnoll!
Qazlal accepts your kill.
The gnoll shaman calls upon its god to speed up the gnoll.
The gnoll seems to speed up.
Drink which item? (? for menu, Esc to quit)
Yummy - fresh blood!
You feel a little less agile now.
The gnoll hits you from afar with a halberd!
You die...

#.....#.....#.....# #.>.
#.....#.....#.....# #...
#.....#.....#.....# #...
#.....#....%#.....# #...
#.....#.....#.....# #...
#.....#.<...#..../############...
#.....#.....#..........g)........
#.....#######............########
................@.g......# #
.....########.########...# #
.....# #.#......#...########
###..########.#......'...........
#.........#.#......#...........
#####.#####.#.#......#......#####
#...#%# #.#.#......#......#
#...#.# #.#.#......#......#
#..%#%# #.#.#'######......#


You could see a gnoll shaman and a gnoll.

Vanquished Creatures
  Pikel (D:4)
  A sky beast (D:5)
  A phantom (D:5)
  An ice beast (D:5)
  2 slaves (D:4)
  A centaur (D:5)
  An ogre (D:6)
  A giant frog (D:6)
  A scorpion (D:5)
  4 hounds
  2 gnoll shamans (D:6)
  An orc priest (D:4)
  An orc wizard (D:4)
  2 worker ants
  A hound skeleton (D:5)
  7 adders
  5 green rats (D:6)
  15 gnolls (D:6)
  2 shadow imps
  A giant mite (D:4)
  A worm (D:4)
  3 giant geckos
  2 oozes
  3 orcs (D:4)
  9 bats
  A bat skeleton (D:6)
  7 giant cockroaches
  16 goblins
  14 hobgoblins
  11 jackals
  2 quokkas
  5 ball pythons
  5 giant newts
  A goblin skeleton (D:5)
  A jackal zombie (D:6)
  17 kobolds
  28 rats
  A ballistomycete (D:6)
178 creatures vanquished.

Vanquished Creatures (others)
  A phantom (D:4)
  An ogre (D:4)
  2 fulminant prisms (D:6)
  A hound (D:4)
  An ogre skeleton (D:4)
  3 orcs (D:4)
  A bat (D:6)
  A giant spore (D:6)
11 creatures vanquished.

Grand Total: 189 creatures vanquished

Notes
Turn   | Place    | Note
--------------------------------------------------------------
     0 | D:1      | PolkaDot, the Vampire Conjurer, began the quest for the Orb.
     0 | D:1      | Reached XP level 1. HP: 13/13 MP: 3/3
   212 | D:1      | Reached XP level 2. HP: 19/19 MP: 1/4
   383 | D:1      | Learned a level 2 spell: Searing Ray
   773 | D:1      | Reached XP level 3. HP: 24/24 MP: 6/6
   963 | D:2      | Found an iron altar of Okawaru.
  1300 | D:2      | Reached skill level 4 in Conjurations
  1744 | D:3      | Reached XP level 4. HP: 28/30 MP: 2/7
  2324 | D:3      | Found a radiant altar of Vehumet.
  2647 | D:4      | Found a burning altar of Makhleb.
  2647 | D:4      | Found a glowing golden altar of the Shining One.
  2647 | D:4      | Noticed a slave
  2654 | D:4      | Learned a level 4 spell: Iskenderun's Mystic Blast
  2687 | D:4      | Noticed Pikel
  2687 | D:4      | Noticed a slave
  2687 | D:4      | Noticed a slave
  2688 | D:4      | Noticed a slave
  2718 | D:4      | Paralysed by a potion of paralysis for 7 turns
  2726 | D:4      | Gained mutation: Your mind is acute. (Int +2) [potion of mutation]
  2726 | D:4      | Gained mutation: Your flesh is cold resistant. [potion of mutation]
  2726 | D:4      | Gained mutation: Your system is resistant to poisons. [potion of mutation]
  2730 | D:4      | Noticed a phantom
  2761 | D:4      | Killed a slave
  2860 | D:4      | HP: 1/30 [Pikel/runed whip (19)]
  2861 | D:4      | Killed a slave
  2972 | D:4      | Killed Pikel
  2972 | D:4      | Reached skill level 6 in Conjurations
  2972 | D:4      | Reached XP level 5. HP: 12/35 MP: 2/9
  2972 | D:4      | Reached XP level 6. HP: 14/41 MP: 2/10
  2972 | D:4      | Reached XP level 7. HP: 15/46 MP: 2/12
  2987 | D:4      | Killed a phantom
  3109 | D:4      | Found a bloodstained altar of Trog.
  3602 | D:4      | Killed an ogre
  3654 | D:4      | Found Greiw's Jewellery Shoppe.
  3768 | D:4      | Reached skill level 7 in Conjurations
  3915 | D:5      | Entered Level 5 of the Dungeon
  4113 | D:5      | Learned a level 4 spell: Fulminant Prism
  4142 | D:5      | Reached skill level 1 in Hexes
  4181 | D:5      | Reached XP level 8. HP: 52/52 MP: 11/16
  4628 | D:5      | Got a transparent robe
  4937 | D:5      | Found a staircase to the Ecumenical Temple.
  4946 | Temple   | Entered the Ecumenical Temple
  5119 | Temple   | Became a worshipper of Qazlal Stormbringer
  5303 | D:6      | Reached skill level 8 in Conjurations
  5530 | D:6      | Acquired Qazlal's first power
  5834 | D:6      | Reached skill level 5 in Hexes
  5864 | D:6      | HP: 2/52 [ogre/giant spiked club (25)]
  5888 | D:6      | Slain by a gnoll

Action                   |  1- 3 |  4- 6 |  7- 9 || total
-------------------------+-------+-------+-------++-------
Melee: Unarmed           |    16 |       |       ||    16
       Short sword       |    92 |    51 |       ||   143
       Whip              |       |       |   215 ||   215
 Cast: Magic Dart        |    26 |     5 |    17 ||    48
       Searing Ray       |     5 |    11 |    27 ||    43
       Iskenderun's Myst |       |       |     4 ||     4
       Fulminant Prism   |       |       |     2 ||     2
 Abil: Bottle Blood      |       |       |    13 ||    13
Evoke: Wand              |       |     7 |     3 ||    10
  Use: Potion            |     1 |     6 |    11 ||    18
       Scroll            |       |     7 |     6 ||    13
 Stab: Sleeping          |     4 |     1 |     7 ||    12
       Distracted        |     1 |       |     1 ||     2
